 Dungeon Crawl Stone Soup version 0.23-a0-57-gd13e5294dc (webtiles) character file.

17642 Oravi the Cleaver (level 12, -2/110 HPs)
             Began as a Hill Orc Fighter on Aug 9, 2018.
             Was an Elder of Beogh.
             Shot with an arrow by a centaur warrior (12 damage)
             ... on level 14 of the Dungeon.
             The game lasted 01:18:12 (16190 turns).

Oravi the Cleaver (Hill Orc Fighter)               Turns: 16190, Time: 01:18:12

Health: -2/110     AC: 17    Str: 20    XL:     12   Next: 50%
Magic:  10/16      EV:  7    Int: 12    God:    Beogh [****..]
Gold:   664        SH: 12    Dex: 10    Spells: 11/11 levels left

rFire    . . .     SeeInvis .   a - +1 war axe (venom)
rCold    + . .     Gourm    .   c - +1 shield
rNeg     . . .     Faith    .   t - +0 chain mail
rPois    .         Spirit   .   E - +2 hat
rElec    .         Reflect  .   s - +0 cloak
rCorr    .         Harm     .   (no gloves)
MR       .....                  m - +0 pair of boots
Stlth    ..........             (no amulet)
HPRegen  0.28/turn              j - ring of protection from cold
MPRegen  0.15/turn              (no ring)

@: lethally poisoned (-2 -> -6)
A: no striking features
a: Smiting, Recall Orcish Followers, Renounce Religion


You were on level 14 of the Dungeon.
You worshipped Beogh.
Beogh was greatly pleased with you.
You were hungry.

You visited 1 branch of the dungeon, and saw 14 of its levels.

You collected 706 gold pieces.
You spent 42 gold pieces at shops.

Inventory:

Hand Weapons
 a - a +1 war axe of venom (weapon)
 q - a cursed -3 whip
Missiles
 g - 23 poisoned needles
 i - 313 stones
 k - a throwing net
 U - 6 tomahawks (quivered)
Armour
 b - a +0 scale mail
 c - a +1 shield (worn)
 m - a +0 pair of boots (worn)
 s - a +0 cloak (worn)
 t - a +0 chain mail (worn)
 w - a +0 helmet
 E - a +2 hat (worn)
Magical Staves
 O - an uncursed staff of power
Jewellery
 j - a ring of protection from cold (left hand)
Wands
 h - a wand of digging (19)
 F - a wand of random effects (25)
 L - a wand of scattershot (5)
 N - a wand of clouds (2)
 T - a wand of iceblast (18)
 Y - a wand of flame (30)
Scrolls
 e - 5 scrolls of enchant armour
 l - 2 scrolls of amnesia
 o - 4 scrolls of remove curse
 y - a scroll of fear
 C - 4 scrolls of teleportation
 J - a scroll of enchant weapon
 M - 2 scrolls of blinking
 R - a scroll of magic mapping
Potions
 d - 5 potions of might
 p - a potion of haste
 u - 3 potions of flight
 v - 2 potions of berserk rage
 A - 2 potions of ambrosia
 D - a potion of brilliance
 H - a potion of cancellation
 I - 2 potions of agility
Comestibles
 f - 16 rations


   Skills:
 + Level 11.2 Fighting
 + Level 14.2 Axes
 + Level 11.5 Armour
 + Level 10.2 Shields
 * Level 6.0 Invocations


You had 11 spell levels left.
You didn't know any spells.
Your spell library contained the following spells:

 Spells                   Type           Power        Failure   Level  Hunger
 Summon Demon             Summ           #.........   100%        5    ######.
 Stone Arrow              Conj/Erth      #.....       100%        3    ####...
 Recall                   Summ/Tloc      N/A          100%        3    ####...
 Shadow Creatures         Summ           N/A          100%        6    #######
 Passwall                 Tmut/Erth      #.......     99%         2    ###....
 Lee's Rapid Deconstruct  Erth           #.........   100%        5    ######.
 Sandblast                Erth           #.....       99%         1    ##.....
 Petrify                  Tmut/Erth      #.......     100%        4    #####..
 Aura of Abjuration       Summ           #.........   100%        5    ######.
 Summon Forest            Summ/Tloc      #.........   100%        5    ######.
 Summon Mana Viper        Hex/Summ       #.......     100%        5    ######.


Dungeon Overview and Level Annotations

Branches:
Dungeon (14/15)            Temple (0/1) D:5            Lair (0/6) D:10
    Orc (0/2) D:10
 Vaults: D:13-14

Altars:
Ashenzari
Gozag
Hepliaklqana
Okawaru
Qazlal
Trog
Uskayaw
Vehumet
Yredelemnul
The Shining One

Shops:
D:9 }?*(   D:13 =

Annotations:
D:11 3 runed doors, grizmgrazm2's ghost, novice DDMo


Message History

You climb upwards.
Your hellwing disappears in a puff of smoke!
You feel sick.
There is a stone staircase leading down here.
What are your orders? t - Shout!
Orders for allies: a - Attack new target. r - Retreat! s - Stop attacking. g - Guard the area. f - Follow me.
Anything else - Cancel.
Retreat in which direction?
Press: ? - help, Dir - move target cursor Fall back!
You feel sick.
You feel sick.
You climb downwards.
You feel sick.
There is a stone staircase leading up here.
You feel sick.
The centaur warrior shouts!
The centaur warrior shoots an arrow.
The arrow hits you!
You die...

#..c..#
.....
.c... ...
†.. #.# .
#(#
....###.#
#.....@#
#.#######


You could see a centaur warrior.

Vanquished Creatures
  Josephine (D:13)
  A hydra (D:13)
  A two-headed ogre (D:9)
  An ugly thing (D:9)
  A manticore (D:13)
  Psyche (D:9)
  A gargoyle (D:10)
  A centaur skeleton (D:13)
  Prince Ribbit (D:9)
  Grinder (D:3)
  A hornet (D:8)
  3 slime creatures (D:12)
  2 hippogriffs
  Sigmund (D:6)
  Eustachio (D:5)
  A vampire mosquito (D:12)
  2 hungry ghosts (D:8)
  Menkaure (D:4)
  A wraith (D:13)
  An acid dragon (D:13)
  A warg (D:10)
  Duvessa (D:7)
  A water moccasin (D:9)
  2 sky beasts
  A hornet zombie (D:9)
  2 black bears
  4 ogres
  A necrophage (D:7)
  An eye of draining (D:13)
  A phantom (D:9)
  7 centaurs
  A big kobold (D:9)
  A gnoll sergeant (D:8)
  2 bullfrogs
  Dowan (D:7)
  2 scorpions
  7 killer bees
  A wyvern skeleton (D:13)
  4 wights
  A howler monkey (D:10)
  An electric eel (D:12)
  3 crimson imps
  A bullfrog zombie (D:12)
  2 centaur zombies
  4 orc priests
  6 hounds
  2 orc wizards
  2 bullfrog skeletons
  Ijyb (D:3)
  Natasha (twice) (D:3)
  3 iguanas
  5 worker ants
  A killer bee zombie (D:7)
  A hound skeleton (D:4)
  Robin (D:4)
  9 gnolls
  11 adders
  A shadow imp (D:5)
  2 oozes (D:2)
  An adder zombie (D:5)
  5 worms
  3 leopard geckos
  20 orcs
  3 ball pythons
  6 bats
  3 giant cockroaches
  19 goblins
  12 hobgoblins
  10 jackals
  3 quokkas
  8 frilled lizards
  A giant cockroach zombie (D:5)
  2 jackal skeletons (D:4)
  15 kobolds
  7 rats
242 creatures vanquished.

Vanquished Creatures (collateral kills)
  Gastronok (D:10)
  Agnes (D:14)
  A two-headed ogre (D:12)
  A centaur warrior (D:13)
  2 unseen horrors (D:12)
  An ugly thing (D:11)
  A deep elf mage (D:13)
  A kobold demonologist (D:13)
  A troll (D:11)
  2 water elementals (D:12)
  A spriggan (D:11)
  3 wraiths (D:13)
  2 wyverns
  A vampire mosquito (D:12)
  An orc warrior (D:10)
  An ogre (D:11)
  A centaur (D:13)
  A crocodile (D:14)
  A big kobold (D:10)
  2 bullfrogs
  A scorpion (D:13)
  2 killer bees (D:13)
  11 wights
  2 howler monkeys
  An electric eel (D:12)
  A crimson imp (D:12)
  A quasit (D:10)
  A jelly (D:13)
  An orc priest (D:10)
  A bullfrog skeleton (D:13)
  3 hounds
  An orc wizard (D:12)
  2 worker ants (D:10)
  3 shadow imps
  A leopard gecko (D:11)
  3 orcs
61 creatures vanquished.

Vanquished Creatures (others)
  2 orc warriors
  Blork the orc (D:4)
  A dart slug (D:3)
  10 orcs
  A frilled lizard (D:3)
  A fungus (D:11)
  2 plants (D:11)
18 creatures vanquished.

Grand Total: 321 creatures vanquished

Notes
Turn   | Place    | Note
-------+----------+-------------------------------------------
     0 | D:1      | Oravi the Hill Orc Fighter began the quest for the Orb.
     0 | D:1      | Reached XP level 1. HP: 19/19 MP: 1/1
    51 | D:1      | Reached skill level 3 in Axes
   142 | D:1      | Reached XP level 2. HP: 17/26 MP: 2/2
   419 | D:1      | Reached skill level 4 in Axes
   607 | D:1      | Reached XP level 3. HP: 31/31 MP: 3/3
   942 | D:2      | Reached skill level 5 in Axes
  1035 | D:2      | Reached XP level 4. HP: 37/39 MP: 4/4
  1072 | D:2      | Reached skill level 6 in Axes
  1765 | D:3      | Reached XP level 5. HP: 45/45 MP: 5/5
  2371 | D:3      | Reached skill level 7 in Axes
  2393 | D:3      | Became a worshipper of Beogh the Brigand
  2687 | D:3      | Reached XP level 6. HP: 38/51 MP: 6/6
  3051 | D:3      | Noticed Grinder
  3068 | D:3      | Killed Grinder
  3068 | D:3      | Reached skill level 8 in Axes
  3068 | D:3      | Reached skill level 5 in Armour
  3068 | D:3      | Reached XP level 7. HP: 29/57 MP: 7/7
  3407 | D:4      | Noticed Natasha
  3407 | D:4      | Noticed Ijyb
  3416 | D:3      | Killed Natasha
  3423 | D:3      | Noticed Natasha
  3431 | D:3      | Killed Natasha
  3518 | D:3      | Killed Ijyb
  3910 | D:4      | Reached * piety under Beogh
  3940 | D:4      | Found an iron altar of Okawaru.
  4081 | D:4      | Noticed Blork the orc
  4098 | D:4      | Killed Blork the orc
  4111 | D:4      | Reached skill level 9 in Axes
  4121 | D:4      | Noticed Menkaure
  4142 | D:4      | Killed Menkaure
  4557 | D:4      | Reached XP level 8. HP: 20/66 MP: 8/8
  4908 | D:4      | Noticed Robin
  4927 | D:4      | Killed Robin
  5356 | D:5      | Entered Level 5 of the Dungeon
  5391 | D:5      | Found an opulent altar of Gozag.
  5469 | D:5      | Found a staircase to the Ecumenical Temple.
  5926 | D:5      | Reached ** piety under Beogh
  6031 | D:5      | Noticed Eustachio
  6065 | D:5      | Killed Eustachio
  6188 | D:6      | Reached skill level 5 in Fighting
  6288 | D:6      | Found a bloodstained altar of Trog.
  6360 | D:6      | Found a stormy altar of Qazlal.
  6377 | D:6      | Reached skill level 10 in Axes
  6435 | D:6      | Noticed Sigmund
  6438 | D:6      | Killed Sigmund
  6599 | D:7      | Found a shattered altar of Ashenzari.
  6656 | D:7      | Reached skill level 5 in Shields
  6656 | D:7      | Reached XP level 9. HP: 59/74 MP: 9/9
  6777 | D:7      | Noticed Duvessa
  6782 | D:7      | Noticed Dowan
  6787 | D:7      | Killed Duvessa
  6802 | D:7      | Killed Dowan
  7119 | D:7      | Found a hide-covered altar of Uskayaw.
  7429 | D:7      | Found a radiant altar of Vehumet.
  7429 | D:7      | Found a hazy altar of Hepliaklqana.
  8231 | D:8      | Reached *** piety under Beogh
  8231 | D:8      | Reached skill level 11 in Axes
  8749 | D:8      | Found a basalt altar of Yredelemnul.
  8749 | D:8      | Noticed a hornet
  8755 | D:8      | Killed a hornet
  8755 | D:8      | Reached XP level 10. HP: 74/87 MP: 10/10
  8844 | D:8      | Found a glowing golden altar of the Shining One.
  8846 | D:8      | Noticed an angel
  8984 | D:9      | Noticed a two-headed ogre
  9003 | D:9      | Killed a two-headed ogre
  9154 | D:9      | Noticed Psyche
  9159 | D:9      | Killed Psyche
  9171 | D:9      | Noticed Prince Ribbit
  9193 | D:9      | Killed Prince Ribbit
  9193 | D:9      | Reached skill level 12 in Axes
  9568 | D:9      | Found Sioxtihi's Magic Scroll Emporium.
  9975 | D:9      | Bought a scroll of fear for 42 gold pieces
  9988 | D:9      | Noticed a green ugly thing
 10016 | D:9      | Killed a green ugly thing
 10122 | D:9      | Found Kyezum's Antique Weapon Boutique.
 10156 | D:9      | Found Muirrane's Assorted Antiques.
 10403 | D:9      | Found Deisuv's Gadget Emporium.
 10655 | D:10     | Entered Level 10 of the Dungeon
 10655 | D:10     | Noticed Gastronok
 10685 | D:10     | Killed Gastronok
 10685 | D:10     | Reached skill level 10 in Armour
 10685 | D:10     | Reached XP level 11. HP: 30/97 MP: 11/11
 10983 | D:10     | Found a staircase to the Orcish Mines.
 11170 | D:10     | Reached **** piety under Beogh
 11170 | D:10     | Reached skill level 13 in Axes
 11249 | D:10     | Found a staircase to the Lair.
 11657 | D:11     | Reached skill level 10 in Fighting
 11800 | D:11     | Noticed a brown ugly thing
 11828 | D:11     | Killed a brown ugly thing
 12213 | D:11     | Found a runed gate.
 12213 | D:11     | Found a runed gate.
 12213 | D:11     | Found a runed gate.
 12316 | D:11     | Noticed grizmgrazm2's ghost (novice DDMo)
 13157 | D:12     | Noticed a two-headed ogre
 13162 | D:12     | Killed a two-headed ogre
 13482 | D:12     | Killed an unseen horror
 13810 | D:12     | Killed an unseen horror
 14194 | D:13     | Noticed a centaur warrior
 14201 | D:13     | Killed a centaur warrior
 14201 | D:13     | Reached skill level 1 in Invocations
 14211 | D:13     | Reached XP level 12. HP: 76/108 MP: 13/13
 14604 | D:13     | Gained Gorg as an ally
 14710 | D:13     | Noticed Josephine
 14724 | D:13     | Killed Josephine
 14745 | D:13     | Reached ***** piety under Beogh
 15150 | D:13     | Noticed a four-headed hydra
 15155 | D:13     | Killed a four-headed hydra
 15155 | D:13     | Reached skill level 14 in Axes
 15155 | D:13     | Reached skill level 10 in Shields
 15528 | D:13     | Reached skill level 5 in Invocations
 15570 | D:13     | Found Izoskuawu's Jewellery Emporium.
 16166 | D:14     | Noticed Agnes
 16176 | D:14     | Killed Agnes
 16183 | D:14     | Noticed a centaur warrior
 16190 | D:14     | Shot with an arrow by a centaur warrior

Vault maps used:
D:1:      giann_forest_graveyard
D:3:      minmay_diamond_boxcup, uniq_grinder
D:4:      lemuel_crystal_altar, hangedman_decor_riveting, uniq_blork_the_orc,
          uniq_robin, uniq_menkaure, uniq_natasha, uniq_ijyb
D:5:      minmay_temple_entry_grid, first_ration, grunt_gozag_statues,
          uniq_eustachio
D:6:      overflow_temple_1_default, lemuel_doored_altar, serial_glass,
          glass_columns_b, glass_columns_b, glass_columns_a, glass_columns_b,
          glass_columns_b, glass_columns_a, serial_park_tiny_2, uniq_sigmund
D:7:      evilmike_ruin_ashenzari, eat_drink_and_be_merry_uskayaw,
          gammafunk_temple_overflow_statue, uniq_duvessa
D:8:      grunt_temple_overflow_holy_war
D:9:      serial_shops, shop, nicolae_shop_window_shopping, shop, shop,
          uniq_prince_ribbit1, uniq_psyche
D:10:     lair_entry_dummy, david_orc_3, serial_curves, eino_curves_01,
          eino_curves_02, uniq_gastronok
D:11:     minmay_weird_star, gammafunk_ghost_nasty_kobolds, the_bakery
D:12:     minmay_misc_feat_ornament
D:13:     serial_shops, shop, kennysheep_dice, uniq_josephine
D:14:     david_vaults_1, minmay_misc_feat_secret_circle, nicolae_two_hexagons,
          uniq_agnes

Skill      XL: |  1  2  3  4  5  6  7  8  9 10 11 12 |
---------------+-------------------------------------+-----
Axes           | 3 4 5 6 7 8 9 10 11 12 13 14 | 14.2
Armour         | 4 5 6 7 8 10 11 | 11.5
Fighting       | 4 6 7 9 10 11 | 11.2
Shields        | 5 6 8 9 10 | 10.2
Invocations    | 2 6 |  6.0

Action                   |  1- 3 |  4- 6 |  7- 9 | 10-12 || total
-------------------------+-------+-------+-------+-------++-------
Melee: War axe           |    80 |   100 |   479 |   434 ||  1093
Throw: Tomahawk          |    35 |    49 |    48 |    92 ||   224
       Stone             |     9 |    45 |   144 |    35 ||   233
Invok: Convert to Beogh  |       |     1 |       |       ||     1
       Smiting           |       |       |       |     8 ||     8
       Give Item to Name |       |       |       |     1 ||     1
Evoke: Wand              |       |       |    27 |    20 ||    47
  Use: Scroll            |       |     7 |     3 |    14 ||    24
       Potion            |       |       |     5 |     3 ||     8
 Stab: Distracted        |       |       |       |     3 ||     3
       Confused          |       |       |       |     1 ||     1
  Eat: Chunk             |     1 |     6 |    15 |    16 ||    38
       Ration            |       |       |     5 |     2 ||     7
Armor: Scale mail        |    30 |    36 |     9 |       ||    75
       Chain mail        |       |       |   167 |   198 ||   365
       Skin              |       |       |     6 |       ||     6
Dodge: Dodged            |    18 |    21 |    77 |   107 ||   223
Block: Shield            |    37 |    51 |   191 |   260 ||   539

Table legend:
 A = Spawn XP
 B = Non-spawn XP
 C = Spawn XP percentage of total XP
 D = Spawn monster count
 E = Non-spawn monster count
 F = Spawn count percentage of total count
 G = Total turns spent on level
                    A         B        C        D         E        F      G
               +---------+---------+-------+---------+---------+-------+---------
         Total |       0 |   25203 |   0.0 |       0 |     304 |   0.0 | 16190
               +---------+---------+-------+---------+---------+-------+---------
           D:1 |       0 |      39 |   0.0 |       0 |      24 |   0.0 |   785
           D:2 |       0 |     125 |   0.0 |       0 |      27 |   0.0 |   931
           D:3 |       0 |     610 |   0.0 |       0 |      30 |   0.0 |  2107
           D:4 |       0 |     499 |   0.0 |       0 |      32 |   0.0 |  1575
           D:5 |       0 |     349 |   0.0 |       0 |      10 |   0.0 |   778
           D:6 |       0 |     481 |   0.0 |       0 |       6 |   0.0 |   324
           D:7 |       0 |     942 |   0.0 |       0 |      18 |   0.0 |  1250
           D:8 |       0 |    1675 |   0.0 |       0 |      30 |   0.0 |  1371
           D:9 |       0 |    3308 |   0.0 |       0 |      24 |   0.0 |  1787
          D:10 |       0 |    3960 |   0.0 |       0 |      24 |   0.0 |   572
          D:11 |       0 |    1232 |   0.0 |       0 |      10 |   0.0 |   925
          D:12 |       0 |    3834 |   0.0 |       0 |      31 |   0.0 |  1796
          D:13 |       0 |    6426 |   0.0 |       0 |      36 |   0.0 |  1968
          D:14 |       0 |    1723 |   0.0 |       0 |       2 |   0.0 |    21
               +---------+---------+-------+---------+---------+-------+---------
